 Dungeon Crawl Stone Soup version 0.30-b1-2-g02819fbbbe (webtiles) character file.

Game seed: 18443297980209207960

69 Alarkh the Sneak (level 4, 35/35 HPs)
             Began as a Demonspawn Delver on May 22, 2023.
             Was a Follower of Uskayaw.
             Got out of the dungeon alive.
             The game lasted 00:03:36 (2222 turns).

Alarkh the Sneak (Demonspawn Delver)                Turns: 2222, Time: 00:03:37

Health: 35/35      AC:  7    Str: 12    XL:     4   Next: 2%
Magic:  4/4        EV: 11    Int: 14    God:    Uskayaw [*.....]
Gold:   166        SH:  0    Dex: 14    Spells: 3/3 levels left

rFire   . .          .
                       - Unarmed
rCold   . . .        (no shield)
rNeg    . . .        a - +0 leather armour
rPois   .            (helmet restricted)
rElec   .            j - +0 cloak
rCorr   .            (no gloves)
SInv    .            s - +1 pair of boots
Will    .....        (no amulet)
Stlth   ++           (no ring)
HPRegen 0.25/turn    (no ring)
MPRegen 0.09/turn

%: no passive effects
@: no status effects
A: antennae 1, demonic guardian 1, sharp scales 1
a: Renounce Religion, Stomp


You escaped.
You worshipped Uskayaw.
Uskayaw was noncommittal.
You visited 1 branch of the dungeon, and saw 5 of its levels.

You collected 166 gold pieces.

Inventory:

Armour
 a - a +0 leather armour (worn)
 j - a +0 cloak (worn)
 s - a +1 pair of boots (worn)
Magical Staves
 m - a staff of cold
Jewellery
 g - a ring of flight
 k - a ring of see invisible
 o - a ring of ice
Wands
 f - a wand of digging (3)
Scrolls
 b - 2 scrolls of fog
 c - a scroll of enchant weapon
 d - a scroll of fear
 e - 3 scrolls of amnesia {unknown}
 i - 2 scrolls of teleportation {unknown}
 q - 2 scrolls of enchant armour {unknown}
 r - a scroll of identify
Potions
 h - 2 potions of curing {unknown}
 l - a potion of berserk rage {unknown}
 n - a potion of invisibility
 p - a potion of haste
 t - a potion of might {unknown}


   Skills:
 - Level 3.0 Fighting
 - Level 1.7 Dodging
 - Level 4.5 Stealth
 + Level 4.0 Unarmed Combat


You had 3 spell levels left.
You didn't know any spells.
Your spell library contained the following spells:

 Spells                   Type           Power      Damage    Failure   Level
 Beastly Appendage        Tmut           0%         N/A       36%         1
 Sandblast                Erth           0%         2d4       36%         1
 Ensorcelled Hibernation  Hex/Ice        0%         N/A       50%         2
 Passwall                 Tmut/Erth      0%         N/A       50%         2
 Wereblood                Tmut           0%         N/A       50%         2
 Gell's Gravitas          Tloc           0%         N/A       73%         3
 Spider Form              Tmut/Pois      0%         N/A       73%         3
 Stone Arrow              Conj/Erth      0%         3d7       73%         3
 Swiftness                Air            0%         N/A       73%         3
 Teleport Other           Tloc           0%         N/A       73%         3
 Dispersal                Tloc           0%         N/A       100%        6


Dungeon Overview and Level Annotations

Branches:
Dungeon (5/15)
 Temple: D:4-7

Altars:
Uskayaw
Xom
Yredelemnul


Innate Abilities, Weirdness & Mutations

You have a pair of small antennae on your head.
A weak demonic guardian rushes to your aid.
You are partially covered in razor-sharp scales. (AC +1, Slay +1)


Message History

A pair of antennae grows on your head!
Things that are here:
a +0 dagger; 4 stones; a kobold corpse A hobgoblin comes into view.
Found a stone staircase leading down.
Found a club.
There is a stone staircase leading down here.
The helpless hobgoblin fails to defend itself.
You punch the hobgoblin!
You kill the hobgoblin!
You can now stomp with the beat.
Your Unarmed Combat skill increases to level 4!
No target in view!
No target in view!
No target in view!
No target in view!
No target in view!
No target in view!
No target in view!
No target in view!
Unknown command.
(D) Dungeon
Where to? (Enter - D:3 @ (x,y), ? - help)
What level of the Dungeon? (default 1, ? - help)
Found 6 gold pieces.
You now have 166 gold pieces (gained 6).
There is a stone staircase leading up here.
You climb upwards.
There is a stone staircase leading down here.
(D) Dungeon
Where to? (Enter - D:1, ? - help)
There is a stone staircase leading up here.
You climb upwards.
There is a stone staircase leading down here.
You can't go up here!
There is an open door here.
You see here 3 poisoned darts.
There is a staircase leading out of the dungeon here.
Are you sure you want to leave the Dungeon?
This will make you lose the game!
You have escaped!

##############
#.### #...# #.
#♣..# #...# #.
♣..####...###.
♣......#....#.
♣...........#.
######.....##...#.
#....#............
#..8.#.....##...##
#@(8.'.....##...#
#.(..#.....######
######.....##...#
♣♣.#........#
#♣..#........#
#.####.......#
#.>..........##
##.###.........
#.#######.....


There were no monsters in sight!

Vanquished Creatures
  An adder (D:2)
  A worm (D:2)
  3 orcs
  8 ball pythons
  9 endoplasms
  A giant cockroach (D:2)
  2 goblins (D:1)
  6 hobgoblins
  5 kobolds
  2 quokkas (D:3)
  3 bats
  4 frilled lizards (D:1)
  5 rats (D:1)
50 creatures vanquished.

Vanquished Creatures (collateral kills)
  A goblin (D:1)
1 creature vanquished.

Grand Total: 51 creatures vanquished

Notes
Turn   | Place    | Note
-------+----------+-------------------------------------------
     0 | D:5      | Alarkh the Demonspawn Delver began the quest for the Orb.
     0 | D:5      | Reached XP level 1. HP: 18/18 MP: 1/1
    14 | D:5      | Noticed an iguana
    32 | D:5      | Noticed an orc priest
    40 | D:5      | Noticed an iguana
   268 | D:2      | Found a shimmering altar of Xom.
   303 | D:2      | Gained mutation: You are partially covered in razor-sharp
                  | scales. (AC +1, Slay +1) [demonic ancestry]
   303 | D:2      | Reached XP level 2. HP: 10/24 MP: 2/2
   630 | D:1      | Gained mutation: A weak demonic guardian rushes to your
                  | aid. [demonic ancestry]
   630 | D:1      | Reached XP level 3. HP: 29/29 MP: 3/3
  1906 | D:3      | Noticed a floating eye
  1912 | D:3      | Found a faded altar of an unknown god.
  1913 | D:3      | Noticed a golden eye
  1913 | D:3      | Noticed a floating eye
  1913 | D:3      | Noticed an eye of devastation
  1976 | D:3      | Found a basalt altar of Yredelemnul.
  1978 | D:3      | Found a hide-covered altar of Uskayaw.
  2021 | D:3      | Became a worshipper of Uskayaw the Reveller
  2141 | D:3      | Gained mutation: You have a pair of small antennae on your
                  | head. [demonic ancestry]
  2141 | D:3      | Reached XP level 4. HP: 34/35 MP: 4/4
  2169 | D:3      | Reached * piety under Uskayaw
  2222 | D:$      | Got out of the dungeon alive.

Illustrated notes

Levels and vault maps discovered:
D:1:      sevenhm_arrival_forest_fort_small_6, layout_basic
D:2:      layout_loops_ring, basic_altar
D:3:      layout_loops_ring, gammafunk_temple_overflow_statue,
          hellmonk_ecumenical_altar_watching_god
D:4:      layout_layer_cave, serial_shops, shop, shop_fountains, shop, shop,
          minmay_misc_feat_more_columns
D:5:      layout_cave_pools, uniq_duvessa

Skill      XL: |  1  2  3  4 |
---------------+-------------+-----
Unarmed Combat | 2 3 4 |  4.0
Fighting       | |  3.0
Dodging        | |  1.7
Stealth        | |  4.5

Action                     |  1- 3 |  4- 6 || total
---------------------------+-------+-------++-------
  Melee: Unarmed           |   146 |     1 ||   147
         Punch             |     1 |       ||     1
    Use: Potion            |     2 |       ||     2
         Scroll            |     4 |       ||     4
   Stab: Sleeping          |    10 |     1 ||    11
 Armour: Leather armour    |    35 |       ||    35
  Dodge: Dodged            |    50 |       ||    50
